 Dungeon Crawl Stone Soup version 0.29.1-1-gd02db6906a (webtiles) character file.

Game seed: 9891876712801078247

16 Powertoast the Sneak (level 2, 0/17 HPs)
             Began as a Kobold Brigand on Sept 18, 2022.
             Slain by a gnoll
             ... wielding a +0 flail
              (8 damage)
             ... on level 2 of the Dungeon.
             The game lasted 00:01:33 (1164 turns).

Powertoast the Sneak (Kobold Brigand)               Turns: 1164, Time: 00:01:34

Health: 0/17       AC:  3    Str:  8    XL:     2   Next: 75%
Magic:  2/2        EV: 14    Int: 12    God:
Gold:   35         SH:  0    Dex: 16    Spells: 1/1 levels left

rFire   . . .      SeeInvis .   a - +2 dagger
rCold   . . .      Faith    .   (no shield)
rNeg    . . .      Spirit   .   b - +0 robe
rPois   .          Reflect  .   (no helmet)
rElec   .          Harm     .   c - +0 cloak
rCorr   .          Rampage  .   (no gloves)
Will    .....                   (no boots)
Stlth   ++++......              (no amulet)
HPRegen 0.05/turn               (no ring)
MPRegen 0.08/turn               (no ring)

@: no status effects
A: small, no large weapons, nightstalker 3
a: no special abilities


You were on level 2 of the Dungeon.
You visited 1 branch of the dungeon, and saw 2 of its levels.

You collected 35 gold pieces.

Inventory:

Hand Weapons
 a - a +2 dagger (weapon)
Missiles
 d - 9 poisoned darts (quivered)
 e - 3 curare-tipped darts
Armour
 b - a +0 robe (worn)
 c - a +0 cloak (worn)
Jewellery
 g - a ring of wizardry
Scrolls
 f - a scroll of fear {unknown}
Potions
 h - a potion of attraction {unknown}
 i - a potion of might {unknown}


   Skills:
 - Level 2.1 Fighting
 + Level 4.2 Short Blades
 - Level 2.1 Throwing
 - Level 1.2 Dodging
 - Level 5.3 Stealth


You had one spell level left.
You didn't know any spells.
Your spell library was empty.

Dungeon Overview and Level Annotations

Branches:
Dungeon (2/15)

Altars:

Shops:
D:1 ?


Innate Abilities, Weirdness & Mutations

You are small and have problems with some larger weapons.
You are completely attuned to the shadows.


Message History

The helpless ball python fails to defend itself.
You impale the ball python!!
You kill the ball python!
There is an open door here.
There is an open door here.
There is an open door here.
Found a ring mail.
Found a leather armour.
You see here a +0 ring mail.
You see here a +0 leather armour.
You see here a +0 leather armour.
You see here a +0 ring mail.
Done exploring.
Done exploring.
Search for what [? for help]? .
(D) Dungeon
Where to? (? - help)
There is a staircase leading out of the dungeon here.
There is a stone staircase leading down here.
You climb downwards.
There is a stone staircase leading up here.
A bat is nearby!
The helpless bat fails to defend itself.
You impale the bat!!
You kill the bat!
Found a halberd.
You see here a bat corpse.
A gnoll comes into view.
It is wielding a +0 flail. 2 gnolls come into view.
The gnoll shouts! x2; You hear an angry hiss.
You hear a shout!
A kobold comes into view. It is wielding a +0 short sword.
You hear an angry hiss.
An adder comes into view.
The gnoll attacks as you move away! The gnoll hits you with a +0 flail.
The adder attacks as you move away! The adder bites you.
The kobold closely misses you. The adder attacks as you move away!
The adder barely misses you. The kobold attacks as you move away!
The kobold hits you but does no damage. The gnoll attacks as you move away!
The gnoll hits you with a +0 flail!
You die...

.....# #....#
....# #.#..# #
#.#gg###.
#.#........
####)###SgK...
.......##@###.
............#
..........###
#..#.†#..#
#..#..#..#
#..<.....#
##.#..##.#
#....# #......


You could see 3 gnolls, an adder and a kobold.

Vanquished Creatures
  A dart slug (D:1)
  2 ball pythons (D:1)
  2 bats
  2 goblins (D:1)
  3 jackals (D:1)
  A quokka (D:1)
  A rat (D:1)
12 creatures vanquished.

Notes
Turn   | Place    | Note
-------+----------+-------------------------------------------
     0 | D:1      | Powertoast the Kobold Brigand began the quest for the Orb.
     0 | D:1      | Reached XP level 1. HP: 12/12 MP: 1/1
   121 | D:1      | Found Riod's Magic Scroll Boutique.
   471 | D:1      | Reached XP level 2. HP: 17/17 MP: 2/2
  1164 | D:2      | Slain by a gnoll

Illustrated notes

Levels and vault maps discovered:
D:1:      dpeg_arrival_orchard, layout_basic, serial_shops,
          nicolae_shop_behind_doors
D:2:      layout_loops_cross, dreamdust_ecumenical_altar_statues

Skill      XL: |  1  2 |
---------------+-------+-----
Short Blades   | 3 4 |  4.2
Fighting       | |  2.1
Throwing       | |  2.1
Dodging        | |  1.2
Stealth        | |  5.3

Action                   || total
-------------------------++-------
Melee: Dagger            ||    37
       Punch             ||     1
 Stab: Sleeping          ||     4
Armor: Robe              ||     8
Dodge: Dodged            ||    25
